 Dungeon Crawl Stone Soup version 0.30-a0-476-g330ca2eb8e (webtiles) character file.

Game seed: 6013601166749584046

291 Raultor the Changer (level 6, -6/45 HPs)
             Began as an Octopode Transmuter on Dec 21, 2022.
             Was a Follower of Ru.
             Killed by nerve-wracking pain
             ... invoked by Grinder
              (12 damage)
             ... on level 5 of the Dungeon.
             The game lasted 00:06:24 (2846 turns).

Raultor the Changer (Octopode Transmuter)           Turns: 2846, Time: 00:06:25

Health: -6/45      AC:  6    Str:  9    XL:     6   Next: 32%
Magic:  3/9        EV: 10    Int: 17    God:    Ru [*.....]
Gold:   105        SH:  0    Dex: 13    Spells: 0/9 levels left

rFire   x . .      SeeInvis .      - Unarmed
rCold   + + +      Faith    .    (shield currently unavailable)
rNeg    . . .      Spirit   .    (helmet currently unavailable)
rPois   +          Reflect  .    (no amulet)
rElec   .          Harm     .    (no ring)
rCorr   .          Rampage  .    (no ring)
Will    .....                    (no ring)
Stlth   +.........               (no ring)
HPRegen 0.27/turn                (no ring)
MPRegen 0.11/turn                (no ring)
                                 (no ring)
                                 (no ring)

@: ice-form
A: freezing attack, boosted hp, almost no armour, amphibious, 8 rings, large,
(camouflage 1), (gelatinous body 1), missing an eye, (nimble swimmer 1),
(tentacles)
a: End Transformation, Renounce Religion


You were on level 5 of the Dungeon.
You worshipped Ru.
Ru was aware of your devotion.
You were a creature of crystalline ice.
You visited 1 branch of the dungeon, and saw 5 of its levels.

You collected 105 gold pieces.


Innate Abilities, Weirdness & Mutations

You are a creature of crystalline ice.
You have a powerful freezing melee attack.
Your maximum health is increased.
Your armour is entirely melded.
You are incapable of wielding weapons or throwing items.
You cannot wear most types of armour.
You are amphibious.
You can wear up to eight rings at the same time.
((Your skin changes colour to match your surroundings (Stealth+).))
((Your rubbery body absorbs attacks. (AC +1, EV +1)))
You are missing an eye, making it more difficult to aim.
((You are camouflaged when in or above water. (Stealth+)))
((You have tentacles for arms and can constrict up to eight enemies at once.))


   Skills:
 - Level 1.0 Fighting
 - Level 2.0 Dodging
 - Level 3.0 Unarmed Combat
 - Level 2.0 Spellcasting
 * Level 4.7 Transmutations
 * Level 4.1 Ice Magic


You couldn't memorise any spells.
You knew the following spells:

 Your Spells              Type           Power      Damage    Failure   Level
b - Beastly Appendage     Tmut           34%        N/A       2%          1
c - Ice Form              Ice/Tmut       16%        N/A       30%         4
p - Poisonous Vapours     Pois/Air       2%         N/A       28%         2
w - Wereblood             Tmut           17%        N/A       4%          2

Your spell library contained the following spells:

 Spells                   Type           Power      Damage    Failure   Level
 Sting                    Tmut/Pois      36%        1d4       8%          1
 Spider Form              Tmut/Pois      9%         N/A       22%         3
 Cigotuvi's Dreadful Rot  Necr/Pois/Air  2%         N/A       28%         2
 Mephitic Cloud           Conj/Pois/Air  1%         N/A       50%         3

Inventory:

Scrolls
 b - a scroll of fog {unknown}
 d - 5 scrolls of identify {unknown}
 f - a scroll of vulnerability {unknown}
 g - a scroll of enchant armour {unknown}
 h - a scroll of poison {unknown}
Potions
 a - a potion of cancellation {unknown}
 c - a potion of curing {unknown}
 e - a potion of haste {unknown}

Dungeon Overview and Level Annotations

Branches:
Dungeon (5/15)
 Temple: D:4-7

Altars:
Kikubaaqudgha
Ru

Annotations:
D:5 Grinder

#.... .... ..# #.#
##.######.# ..........#
##.5.....### ##.▒▒▒▒▒▒▒5##
##.▒..~~~.Y▒.#######
#.▒..~...~..▒.##...##
▒...~.⚑.~...▒..###.#######
.▒..~.†.~..▒.#.#..........
#.▒..~~~..▒.##.#.#.#######
.....▒▒▒▒▒▒▒.####...##
.... ..## ##.## ... ###
###.# #...#


You could see Grinder.


Message History

You punch Grinder!
Grinder is severely wounded.
Grinder hits you.
* * * LOW HITPOINT WARNING * * *
You barely miss Grinder.
Grinder is severely wounded.
Grinder blinks!
Your magical contamination has completely faded away.
Unknown command.
Grinder blinks!
Grinder gestures at you. You resist with significant effort.
You hit Grinder.
Grinder is almost dead.
Grinder hits you!
* * * LOW HITPOINT WARNING * * *
You writhe in agony.
* * * LOW HITPOINT WARNING * * *
You barely miss Grinder.
Grinder is almost dead.
Grinder hits you.
* * * LOW HITPOINT WARNING * * *
You closely miss Grinder.
Grinder is almost dead.
Grinder hits you but does no damage.
You closely miss Grinder.
Grinder is almost dead.
Grinder gestures at you. Pain shoots through your body!
You die...

Skill      XL: |  1  2  3  4  5 |
---------------+----------------+-----
Ice Magic      | 1 2 3 4 |  4.1
Transmutations | 3 4 |  4.7
Fighting       | |  1.0
Dodging        | |  2.0
Unarmed Combat | |  3.0
Spellcasting   | |  2.0

Action                   |  1- 3 |  4- 6 || total
-------------------------+-------+-------++-------
Melee: Unarmed           |    76 |   113 ||   189
       Constrict         |    17 |    17 ||    34
       Tentacles         |    17 |    12 ||    29
       Kick              |     5 |    17 ||    22
       Punch             |       |     2 ||     2
 Cast: Beastly Appendage |     7 |     9 ||    16
       Wereblood         |       |     1 ||     1
       Ice Form          |       |     1 ||     1
Invok: Sacrifice an Eye  |       |     1 ||     1
  Use: Potion            |       |     1 ||     1
 Stab: Sleeping          |     8 |     4 ||    12
Armor: Skin              |     1 |    20 ||    21
Dodge: Dodged            |    41 |    80 ||   121

Levels and vault maps discovered:
D:1:      nicolae_arrival_somewhat_less_tricky_arrival, layout_basic,
          chequers_mini_garden
D:2:      layout_loops_ring, minmay_pentomino_t4
D:3:      layout_rooms, lemuel_crystal_altar,
          shapermc_ecumenical_altar_rom_forum
D:4:      layout_basic, nzn_wu_jian_council_hall
D:5:      layout_loops_ring, makhleb_blood_cavern_becter, kennysheep_mini_moat,
          nicolae_ru_awakened_eye, uniq_grinder, uniq_menkaure

Notes
Turn   | Place    | Note
-------+----------+-------------------------------------------
     0 | D:1      | Raultor the Octopode Transmuter began the quest for the
                  | Orb.
     0 | D:1      | Reached XP level 1. HP: 13/13 MP: 3/3
    86 | D:1      | Reached skill level 1 in Ice Magic
    86 | D:1      | Reached XP level 2. HP: 17/18 MP: 5/5
   475 | D:1      | Reached XP level 3. HP: 23/23 MP: 3/6
  1098 | D:2      | Reached skill level 3 in Transmutations
  1165 | D:2      | Reached skill level 2 in Ice Magic
  1381 | D:2      | Reached XP level 4. HP: 16/28 MP: 5/7
  1745 | D:2      | Learned a level 2 spell: Poisonous Vapours
  1748 | D:2      | Learned a level 2 spell: Wereblood
  2024 | D:3      | Found a faded altar of an unknown god.
  2029 | D:3      | Got Plato's Atlas of Metamorphosis
  2030 | D:3      | Prayed at the altar of an unknown god.
  2030 | D:3      | Became a worshipper of Ru the Awakened
  2033 | D:3      | Gained mutation: You are missing an eye, making it more
                  | difficult to aim. [Ru sacrifice]
  2033 | D:3      | Reached * piety under Ru
  2327 | D:3      | Found an ancient bone altar of Kikubaaqudgha.
  2341 | D:3      | Identified the +2 sling of Matar {elec, rElec}
  2512 | D:4      | Noticed a bullfrog
  2524 | D:4      | Noticed a necrophage
  2545 | D:4      | Reached skill level 3 in Ice Magic
  2545 | D:4      | Reached XP level 5. HP: 21/33 MP: 4/8
  2549 | D:4      | Reached skill level 4 in Transmutations
  2553 | D:4      | Reached skill level 4 in Ice Magic
  2553 | D:4      | Reached XP level 6. HP: 22/38 MP: 5/9
  2559 | D:4      | Learned a level 4 spell: Ice Form
  2563 | D:4      | Noticed an orc warrior
  2635 | D:5      | Entered Level 5 of the Dungeon
  2660 | D:5      | Found a sacrificial altar of Ru.
  2813 | D:5      | Noticed Grinder
  2846 | D:5      | Killed from afar by Grinder

Vanquished Creatures
  A bullfrog (D:4)
  A necrophage (D:4)
  A howler monkey (D:4)
  A hound (D:5)
  A gnoll (D:1)
  3 adders
  2 worms
  2 orcs
  7 ball pythons
  7 endoplasms
  3 giant cockroaches
  3 goblins
  5 hobgoblins
  3 jackals (D:1)
  4 kobolds
  3 quokkas
  5 bats
  5 frilled lizards
  5 rats
62 creatures vanquished.

Vanquished Creatures (others)
  An ufetubus (D:5)
1 creature vanquished.

Grand Total: 63 creatures vanquished

Table legend: (Time is in decaauts)
 A = Elapsed time spent in this place.
 B = Non-inter-level travel time spent in this place.
 C = Inter-level travel time spent in this place.
 D = Time resting spent in this place.
 E = Time spent auto-exploring this place.
 F = Levels seen in this place.
 G = Mean time per level.
                   A        B        C        D        E       F      G
               +--------+--------+--------+--------+--------+-----+--------+
         Total |   2835 |   2755 |     80 |      0 |   2181 |   5 |  567.0 |
       Dungeon |   2835 |   2755 |     80 |      0 |   2181 |   5 |  567.0 |
               +--------+--------+--------+--------+--------+-----+--------+

Top non-repeatable levels by time:
     D:1: 1089 daAuts
     D:2: 847 daAuts
     D:3: 503 daAuts
     D:5: 209 daAuts
     D:4: 185 daAuts

Table legend:
 A = Non-vault XP
 B = Vault XP
 C = Vault XP percentage of total XP
 D = Non-vault monster count
 E = Vault monster count
 F = Vault count percentage of total count
                 A         B        C        D         E       F
            +---------+---------+-------+---------+---------+-------
      Total |     413 |       4 |   1.0 |      60 |       3 |   4.8
            +---------+---------+-------+---------+---------+-------
        D:1 |      50 |       0 |   0.0 |      22 |       0 |   0.0
        D:2 |      58 |       4 |   6.5 |      19 |       3 |  13.6
        D:3 |      19 |       0 |   0.0 |       6 |       0 |   0.0
        D:4 |     240 |       0 |   0.0 |      10 |       0 |   0.0
        D:5 |      46 |       0 |   0.0 |       3 |       0 |   0.0
            +---------+---------+-------+---------+---------+-------
